 Dungeon Crawl Stone Soup version 0.29.1-15-g9cfb28693d (webtiles) character file.

Game seed: 15268912775244356967

322 hawla the Firebug (level 7, -16/50 HPs)
             Began as a Meteoran Fire Elementalist on Apr 5, 2023.
             Demolished by an ogre
             ... wielding a +0 giant club
              (19 damage)
             ... on level 4 of the Dungeon.
             The game lasted 00:02:05 (561 turns).

hawla the Firebug (Meteoran Fire Elementalist)       Turns: 561, Time: 00:02:05

Health: -16/50     AC:  3    Str:  9    XL:     7   Next: 5%
Magic:  8/14       EV: 13    Int: 19    God:
Gold:   21         SH:  0    Dex: 15    Spells: 7/14 levels left

rFire   . . .      SeeInvis .   (no weapon)
rCold   . . .      Faith    .   (no shield)
rNeg    . . .      Spirit   .   a - +1 robe
rPois   .          Reflect  .   (no helmet)
rElec   .          Harm     .   (no cloak)
rCorr   .          Rampage  .   (no gloves)
Will    .....                   (no boots)
Stlth   +.........              (no amulet)
HPRegen 0.16/turn               (no ring)
MPRegen 0.14/turn               (no ring)

@: glowing
A: sense surroundings 1, otherworldly, glowing, explore regen
a: no special abilities


You were on level 4 of the Dungeon.
You visited 1 branch of the dungeon, and saw 4 of its levels.

You collected 21 gold pieces.

Inventory:

Armour
 a - a +1 robe (worn)
Wands
 k - a wand of polymorph (1) (quivered)
Scrolls
 c - a scroll of butterflies {unknown}
 f - a scroll of vulnerability {unknown}
 g - a scroll of identify {unknown}
 h - a scroll of blinking {unknown}
 i - a scroll of enchant armour
Potions
 d - a potion of brilliance {unknown}
 e - 2 potions of resistance {unknown}
 j - a potion of might {unknown}


   Skills:
 - Level 0.2 Fighting
 - Level 3.2 Dodging
 - Level 1.4 Stealth
 - Level 4.0 Spellcasting
 + Level 4.6 Conjurations
 - Level 6.0 Fire Magic


You had 7 spell levels left.
You knew the following spells:

 Your Spells              Type           Power      Damage    Failure   Level
a - Foxfire               Conj/Fire      96%        2x1d8     1%          1
b - Scorch                Fire           52%        2d7       1%          2
c - Flame Wave            Conj/Fire      24%        2d8       16%         4

Your spell library contained the following spells:

 Spells                   Type           Power      Damage    Failure   Level
 Conjure Flame            Conj/Fire      24%        6-21      4%          3
 Inner Flame              Hex/Fire       15%        N/A       12%         3


Dungeon Overview and Level Annotations

Branches:
Dungeon (4/15) Zot: 1838
 Temple: D:4-7

Altars:
Uskayaw


Innate Abilities, Weirdness & Mutations

You passively map a small area around you.
You are easily found by Zot.
You glow in the dark.
You regain HP and MP as you explore.


Message History

There is an open door here.
You see here an iguana corpse.
A sourceless malevolence fills the Dungeon... and a teleportation trap spontaneously manifests!
You are yanked towards some nearby monsters!
Your surroundings suddenly seem different.
An ogre and a howler monkey come into view.
Found a +0 dagger.
The howler monkey howls!
The ogre barely misses you.
The howler monkey hoots and howls with incredible vigour!
You hear a shout! x2; You hear an angry hiss. x2
You see here a +0 dagger.
Magic courses through your body. The howler monkey misses you.
The ogre closely misses you.
Casting: Scorch (safe; 1% risk of failure)
Confirm with . or Enter, or press ? or * to list all spells.
The spell is quite dangerous to miscast (16% risk of failure)!
Continue anyway?
Casting: Flame Wave (quite dangerous; 16% risk of failure)
Press: ? - help, Dir - look around, f - activate A wave of flame ripples out!
The flame wave engulfs the ogre!
The ogre is moderately wounded.
The flame wave engulfs the howler monkey!
The howler monkey is heavily wounded. (Press . to intensify the flame waves.)
The howler monkey closely misses you.
A wave of flame ripples out!
The flame wave engulfs the ogre!
The ogre is severely wounded.
The flame wave engulfs the howler monkey!
The howler monkey is almost dead.
The howler monkey hits you.
The ogre hits you with a +0 giant club!!
Ouch! That really hurt!
* * * LOW HITPOINT WARNING * * *
A wave of flame ripples out!
The flame wave engulfs the ogre!
The ogre is almost dead.
The flame wave engulfs the howler monkey!
You kill the howler monkey!
You finish channelling waves of flame.
The ogre hits you with a +0 giant club!!
You die...

* ..., ,*
######..
###...# ^,
###.......
##.....## ,,
#...####..
##........ ,,
#.### ##.
###....##+## ,
, * #.# #.
##...#### ##.#
#. #..### *
### #..# #.
#.##.# * #O##,
#.## ##
..†.[#, * , *
,#@.+ * #.# #
..##.# , ,
,,#†## #.# #
...### , ###
#.# .#.§.##+#,
* * ,, #.#
.§<.§...####*
#.#
.###.§§v....,
* #.# .
##.##....#
##.# #
.##..##.####
###..# ###
....###.#
#...########..


You could see an ogre.

Vanquished Creatures
  Sigmund (D:4)
  A sky beast (D:4)
  A howler monkey (D:4)
  An iguana (D:4)
  Ijyb (D:4)
  An adder (D:3)
  An ufetubus (D:4)
  A worm (D:3)
  2 ball pythons
  3 bats
  An endoplasm (D:1)
  A kobold (D:1)
  A goblin (D:4)
  A rat (D:3)
17 creatures vanquished.

Vanquished Creatures (others)
  45 foxfires
45 creatures vanquished.

Grand Total: 62 creatures vanquished

Notes
Turn   | Place    | Note
-------+----------+-------------------------------------------
     0 | D:1      | hawla the Meteoran Fire Elementalist began the quest for
                  | the Orb.
     0 | D:1      | Reached XP level 1. HP: 14/14 MP: 5/5
   184 | D:1      | Reached skill level 4 in Fire Magic
   184 | D:1      | Reached XP level 2. HP: 20/20 MP: 2/6
   185 | D:1      | Found a faded altar of an unknown god.
   258 | D:3      | Learned a level 2 spell: Scorch
   287 | D:3      | Reached XP level 3. HP: 11/26 MP: 1/8
   289 | D:3      | Identified the +1 chain mail "Cimp" {rC++}
   369 | D:4      | Noticed Sigmund
   376 | D:4      | Killed Sigmund
   377 | D:4      | Reached skill level 6 in Fire Magic
   377 | D:4      | Reached XP level 4. HP: 24/33 MP: 0/11
   377 | D:4      | Reached XP level 5. HP: 28/38 MP: 0/12
   377 | D:4      | Reached XP level 6. HP: 33/45 MP: 0/13
   384 | D:4      | Learned a level 4 spell: Flame Wave
   440 | D:4      | Found a hide-covered altar of Uskayaw.
   507 | D:4      | Noticed Ijyb
   516 | D:4      | Killed Ijyb
   521 | D:4      | Noticed a sky beast
   525 | D:4      | Killed a sky beast
   544 | D:4      | Reached XP level 7. HP: 31/50 MP: 6/14
   561 | D:4      | Demolished by an ogre

Illustrated notes

Levels and vault maps discovered:
D:1:      minmay_arrival_stone_box, layout_rooms, serial_co_window_serial,
          co_window_paths_a, co_window_cross_1, co_window_corner_a,
          co_window_paths_a, co_window_paths_a, co_window_of_opportunity_b,
          co_window_broadway_b, co_window_cross_4, co_window_unsneaky_path_d,
          co_window_2corner, co_window_unsneaky_path_e, glass_columns_a,
          glass_columns_a, glass_columns_a, glass_columns_b, glass_columns_a,
          hellmonk_ecumenical_altar_run_dry
D:2:      layout_loops_corners, hex_medium, nicolae_elevator_lobby_plus
D:3:      layout_basic, minmay_cut_off
D:4:      layout_rooms, nicolae_uskayaw_suspiria, minivault_14,
          minmay_divided_ellipse, uniq_ijyb, uniq_sigmund

Skill      XL: |  1  2  3  4  5  6 |
---------------+-------------------+-----
Fire Magic     | 4 6 |  6.0
Spellcasting   | 3 4 |  4.0
Dodging        | 3 |  3.2
Conjurations   | 4 |  4.6
Fighting       | |  0.2
Stealth        | |  1.4

Action                   |  1- 3 |  4- 6 |  7- 9 || total
-------------------------+-------+-------+-------++-------
Melee: Unarmed           |     6 |     2 |       ||     8
 Cast: Foxfire           |    18 |     8 |     1 ||    27
       Scorch            |     4 |     7 |     1 ||    12
       Flame Wave        |       |       |     1 ||     1
  Use: Scroll            |     1 |       |       ||     1
       Potion            |       |       |     1 ||     1
Armor: Robe              |     4 |       |       ||     4
Dodge: Dodged            |     6 |     3 |     4 ||    13
